 Dungeon Crawl Stone Soup version 0.14.2 (webtiles) character file.

470 Amnesiac the Vandal (level 5, 0/25 HPs)
             Began as a Spriggan Artificer on Feb 4, 2018.
             Slain by Amnesiac's ghost (8 damage)
             ... on Level 4 of the Dungeon.
             The game lasted 00:07:05 (4236 turns).

Amnesiac the Vandal (Spriggan Artificer)            Turns: 4236, Time: 00:07:05

HP   0/25        AC  3     Str 11      XL: 5   Next: 61%
MP  14/14        EV 20     Int 13      God:
Gold 253         SH  0     Dex 18      Spells:  1 memorised,  1 level left

rFire  . . .     SeeInvis +     u - +9,+4 sling "Forphyf" {speed, rC+ Str+4}
rCold  + . .     Clarity  .     e - +0 robe
rNeg   . . .     Conserve .     (shield restricted)
rPois  +         rCorr    .     (helmet restricted)
rElec  .         rRot     .     x - +0 cloak
SustAb . .       Spirit   .     (gloves unavailable)
rMut   .         Warding  .     (boots unavailable)
Saprov . . .     Stasis   .     (no amulet)
MR     .....                    i - ring of poison resistance
                                (no ring)

@: very quick, not resistant to hostile enchantments, fairly stealthy
A: unfitting armour, see invisible, herbivore 3, speed 3, slow metabolism 2
a: no special abilities


You were on level 4 of the Dungeon.
You were not hungry.

You visited 1 branch of the dungeon, and saw 6 of its levels.

You collected 253 gold pieces.

Inventory:

Hand weapons
 u - the +9,+4 sling "Forphyf" (weapon) {speed, rC+ Str+4}
   (You found it on level 5 of the Dungeon)

   Attacks with this weapon are significantly faster.
   It affects your strength (+4).
   It protects you from cold.
Missiles
 m - 20 poisoned needles
 n - 39 darts
 q - a poisoned dart
 w - 13 stones (quivered)
 G - 19 exploding darts
Armour
 e - a +0 robe (worn)
 x - a +0 cloak (worn)
Magical devices
 b - a wand of flame (14)
 c - a wand of enslavement (15)
 d - a wand of random effects (10)
 o - a wand of draining (5)
 v - a wand of slowing (9)
Comestibles
 l - 10 sultanas
 p - 3 bread rations
 D - an apple
 E - a choko
Scrolls
 a - a scroll of remove curse {!r}
 s - 2 scrolls of teleportation {!r}
 z - a scroll of fog {!r, unknown}
 A - a scroll of enchant weapon I {!r, unknown}
 C - a scroll of blinking {!r, unknown}
 F - a scroll of noise {!r, unknown}
 H - a scroll of identify {!r}
 K - a scroll of recharging {!r, unknown}
Jewellery
 i - a ring of poison resistance (right hand)
 r - an uncursed ring of protection from fire {unknown}
 t - an uncursed amulet of warding {unknown}
 I - an uncursed ring of teleportation
Potions
 f - a potion of porridge {!q}
 g - 2 potions of flight {!q, unknown}
 h - 2 potions of curing {!q, unknown}
 j - a potion of brilliance {!q, unknown}
 k - a potion of might {!q, unknown}
 B - a potion of agility {!q}
Books
 y - a book of the Warp

   Spells                             Type                      Level
   Control Teleport                   Charms/Translocation         4
   Phase Shift                        Translocation                5
   Warp Weapon                        Charms/Translocation         5
   Summon Forest                      Summoning/Translocation      5
   Dispersal                          Translocation                6
   Controlled Blink                   Translocation                7
   Disjunction                        Translocation                8
 J - a book of Clouds

   Spells                             Type                      Level
   *Mephitic Cloud                    Conjuration/Poison/Air       3
   Conjure Flame                      Conjuration/Fire             3
   Poisonous Cloud                    Conjuration/Poison/Air       6
   Freezing Cloud                     Conjuration/Ice/Air          6
   Ring of Flames                     Charms/Fire                  7


   Skills:
 - Level 1.0 Fighting
   Level 1.1 Short Blades
 + Level 5.3 Slings
 - Level 4.2 Dodging
 - Level 1.5 Stealth
 - Level 5.1 Evocations


You had one spell level left.
You knew the following spells:

 Your Spells              Type           Power        Failure   Level  Hunger
e - Mephitic Cloud        Conj/Pois/Air  #.......     86%         3    ####...


Dungeon Overview and Level Annotations

Branches:
Dungeon (6/15)
 Temple: D:4-7

Altars:
Dithmenos
Elyvilon
Kikubaaqudgha
Makhleb
Sif Muna

Annotations:
D:4 Amnesiac's ghost, experienced SpAr
D:5 Pikel


Innate Abilities, Weirdness & Mutations

You are tiny and cannot use many weapons and most armour.
You have supernaturally acute eyesight.
You are a herbivore.
You cover ground extremely quickly.
You need consume almost no food.


Message History

w - 23 stones (gained 1)
w - 24 stones (gained 1)
You now have 235 gold pieces (gained 13).
K - a scroll labeled ZACABO MOXUPT {!r} You now have 253 gold pieces (gained 18).
Amnesiac's ghost is too close now for your liking.
Amnesiac's ghost is nearby!
Firing (i - inventory. (,) - cycle):
w - 24 stones (quivered)
Press: ? - help, Shift-Dir - straight line, f - Amnesiac's ghost
Aim: Amnesiac's ghost (resting)
You shoot a stone. The stone hits Amnesiac's ghost.
Amnesiac's ghost is lightly damaged.
Amnesiac's ghost turns its malevolent gaze towards you.
Firing (i - inventory. (,) - cycle):
w - 23 stones (quivered)
Press: ? - help, Shift-Dir - straight line, f/p - Amnesiac's ghost
Aim: Amnesiac's ghost (lightly damaged)
You shoot a stone. The stone misses Amnesiac's ghost.
Firing (i - inventory. (,) - cycle):
w - 22 stones (quivered)
Press: ? - help, Shift-Dir - straight line, f/p - Amnesiac's ghost
Aim: Amnesiac's ghost (lightly damaged)
You shoot a stone. The stone misses Amnesiac's ghost.
Firing (i - inventory. (,) - cycle):
w - 21 stones (quivered)
Press: ? - help, Shift-Dir - straight line, f/p - Amnesiac's ghost
Aim: Amnesiac's ghost (lightly damaged)
You shoot a stone. The stone hits Amnesiac's ghost.
Amnesiac's ghost is lightly damaged.
Firing (i - inventory. (,) - cycle):
w - 20 stones (quivered)
Press: ? - help, Shift-Dir - straight line, f/p - Amnesiac's ghost
Aim: Amnesiac's ghost (lightly damaged)
You shoot a stone. The stone hits Amnesiac's ghost.
Amnesiac's ghost is moderately damaged.
Firing (i - inventory. (,) - cycle):
w - 19 stones (quivered)
Press: ? - help, Shift-Dir - straight line, f/p - Amnesiac's ghost
Aim: Amnesiac's ghost (moderately damaged)
You shoot a stone. The stone hits Amnesiac's ghost.
Amnesiac's ghost is moderately damaged.
Firing (i - inventory. (,) - cycle):
w - 18 stones (quivered)
Press: ? - help, Shift-Dir - straight line, f/p - Amnesiac's ghost
Aim: Amnesiac's ghost (moderately damaged)
You shoot a stone. The stone misses Amnesiac's ghost.
Firing (i - inventory. (,) - cycle):
w - 17 stones (quivered)
Press: ? - help, Shift-Dir - straight line, f/p - Amnesiac's ghost
Aim: Amnesiac's ghost (moderately damaged)
You shoot a stone. The stone hits Amnesiac's ghost.
Amnesiac's ghost is heavily damaged.
Amnesiac's ghost hits you! Space warps horribly around you!
* * * LOW HITPOINT WARNING * * *
Firing (i - inventory. (,) - cycle):
w - 16 stones (quivered)
Press: ? - help, Shift-Dir - straight line, f/p - Amnesiac's ghost
Aim: Amnesiac's ghost (heavily damaged)
You shoot a stone. The stone hits Amnesiac's ghost.
Amnesiac's ghost is severely damaged.
Firing (i - inventory. (,) - cycle):
w - 15 stones (quivered)
Press: ? - help, Shift-Dir - straight line, f/p - Amnesiac's ghost
Aim: Amnesiac's ghost (severely damaged)
You shoot a stone. The stone hits Amnesiac's ghost.
Amnesiac's ghost is severely damaged.
Amnesiac's ghost misses you.
Firing (i - inventory. (,) - cycle):
w - 14 stones (quivered)
Press: ? - help, Shift-Dir - straight line, f/p - Amnesiac's ghost
Aim: Amnesiac's ghost (severely damaged)
You shoot a stone. The stone misses Amnesiac's ghost.
Amnesiac's ghost hits you!
You die...

#................. #####
#......###.......###...# .##
#......#..........##...#
..######....#.#..........##...###
............................Ss...
..##...##...#.#...##.#..g########
#......#...##.#...##.#...#
#...####...##.#...##.#..#########
(...............@...?............
................p..........$.....
................(.........#######
####...##########(..............[
# ####...### #(...#....#######
#######.....#####(##.#....#
.....................#....#
###...###...#####((..#....# #
#........#### #(...#....# ####


You could see Amnesiac's ghost.

Vanquished Creatures
  Natasha (thrice) (D:3)
  A worker ant (D:4)
  The ghost of Amnesiac the Charlatan, a weakling SpAr (D:3)
  4 adders
  3 gnolls (D:3)
  A shadow imp (D:3)
  A giant mite (D:3)
  2 worms (D:2)
  3 giant geckos
  5 orcs
  7 bats
  3 giant cockroaches
  7 hobgoblins
  3 jackals (D:2)
  A quokka (D:4)
  2 giant newts (D:1)
  2 goblins
  A hobgoblin zombie (D:3)
  9 kobolds
  7 rats
66 creatures vanquished.

Vanquished Creatures (others)
  A kobold (D:2)
1 creature vanquished.

Grand Total: 67 creatures vanquished

Notes
Turn   | Place    | Note
--------------------------------------------------------------
     0 | D:1      | Amnesiac, the Spriggan Artificer, began the quest for the Orb.
     0 | D:1      | Reached XP level 1. HP: 9/9 MP: 2/2
   162 | D:2      | Reached skill level 1 in Fighting
   287 | D:3      | Noticed Amnesiac's ghost (weakling SpAr)
   325 | D:4      | Noticed Amnesiac's ghost (experienced SpAr)
   497 | D:3      | Killed Amnesiac's ghost
   497 | D:3      | Reached XP level 2. HP: 8/14 MP: 5/5
   613 | D:4      | Noticed a hound
   702 | D:4      | Noticed a phantom
   753 | D:5      | Entered Level 5 of the Dungeon
   753 | D:5      | Noticed Pikel
   753 | D:5      | Noticed a slave
   753 | D:5      | Noticed a slave
   753 | D:5      | Noticed a slave
   753 | D:5      | Noticed a slave
  1223 | D:6      | Noticed an orc warrior
  1354 | D:5      | Got a warped sling
  1355 | D:5      | Identified the +9,+4 sling "Forphyf" {speed, rC+ Str+4} (You found it on level 5 of the Dungeon)
  1592 | D:1      | Reached XP level 3. HP: 15/18 MP: 8/8
  1936 | D:1      | Reached skill level 5 in Evocations
  2527 | D:2      | Reached skill level 1 in Slings
  3026 | D:2      | Reached XP level 4. HP: 17/22 MP: 11/11
  3316 | D:3      | Noticed Natasha
  3320 | D:3      | Killed Natasha
  3364 | D:3      | Noticed Natasha
  3374 | D:3      | Killed Natasha
  3390 | D:3      | Noticed Natasha
  3396 | D:3      | Killed Natasha
  3513 | D:3      | Found a deep blue altar of Sif Muna.
  3514 | D:3      | Found a burning altar of Makhleb.
  3531 | D:3      | Found an ancient bone altar of Kikubaaqudgha.
  3554 | D:3      | Reached XP level 5. HP: 25/25 MP: 14/14
  3932 | D:3      | Found a white marble altar of Elyvilon.
  3938 | D:3      | Found a shadowy altar of Dithmenos.
  4139 | D:4      | Reached skill level 5 in Slings
  4140 | D:4      | Noticed a worker ant
  4144 | D:4      | Killed a worker ant
  4192 | D:4      | Learned a level 3 spell: Mephitic Cloud
  4236 | D:4      | Slain by Amnesiac's ghost

Action                   |  1- 3 |  4- 6 || total
-------------------------+-------+-------++-------
Melee: Short sword       |    41 |       ||    41
 Fire: Sling             |    88 |   116 ||   204
Evoke: Wand              |     7 |       ||     7
  Use: Scroll            |     6 |       ||     6
 Stab: Paralysed         |     2 |       ||     2
       Sleeping          |     1 |       ||     1
